 Dungeon Crawl Stone Soup version 0.16-a0-2581-g6f3a107 (webtiles) character file.

189 Ratboiler the Twirler (level 5, -23/38 HPs)
             Began as a Vampire Gladiator on Nov 21, 2014.
             Annihilated by an ogre
             ... wielding a +0 giant club
              (28 damage)
             ... on level 4 of the Dungeon.
             The game lasted 00:05:17 (3272 turns).

Ratboiler the Twirler (Vampire Gladiator)           Turns: 3272, Time: 00:05:17

Health: -23/38     AC: 11    Str: 15    XL:     5   Next: 40%
Magic:  5/5        EV:  8    Int: 10    God:
Gold:   152        SH:  0    Dex: 15    Spells: 0 memorised, 4 levels left

rFire  . . .     SeeInvis +     a - +0 quarterstaff
rCold  . . .     Clarity  .     r - +0 scale mail
rNeg   + . .     SustAb   .     (no shield)
rPois  .         Gourm    .     c - +0 helmet
rElec  .         Spirit   .     z - +0 cloak
rCorr  .         Warding  .     (no gloves)
rMut   .         Stasis   .     y - +2 pair of boots
MR     .....                    (no amulet)
Stlth  ..........               (no ring)
                                b - +1 ring of strength

@: not resistant to hostile enchantments, extremely unstealthy
A: bottle blood, fangs 3, see invisible, unbreathing
a: Bat Form


You were on level 4 of the Dungeon.
You were not thirsty.

You visited 1 branch of the dungeon, and saw 4 of its levels.

You collected 152 gold pieces.

Inventory:

Hand weapons
 a - a +0 quarterstaff (weapon)
 m - a +0 blowgun
Missiles
 d - 5 throwing nets (quivered)
 A - 4 poisoned needles
Armour
 c - a +0 helmet (worn)
 r - a +0 scale mail (worn)
 y - a +2 pair of boots (worn)
 z - a +0 cloak (worn)
Jewellery
 b - a +1 ring of strength (left hand)
Scrolls
 h - a scroll of fear {unknown}
 i - 2 scrolls of noise {unknown}
 n - a scroll of immolation {unknown}
 p - a scroll of recharging {unknown}
 t - 3 scrolls of remove curse {unknown}
 v - a scroll of magic mapping {unknown}
Potions
 e - a potion of mutation {unknown}
 f - a potion of lignification {unknown}
 g - a potion of might
 j - a potion of magic
 k - a potion of haste {unknown}
 l - a potion of restore abilities {unknown}
 o - a potion of cancellation
 q - 12 potions of blood
 u - 3 potions of brilliance {unknown}
 w - 2 potions of poison {unknown}
 x - 2 potions of curing
Books
 s - a book of Enchantments

   Spells                             Type                      Level
   Tukima's Dance                     Hexes                        3
   Cause Fear                         Hexes                        4
   Silence                            Hexes/Air                    5
   Deflect Missiles                   Charms/Air                   6
   Haste                              Charms                       6
   Discord                            Hexes                        8


   Skills:
 - Level 1.7 Fighting
 + Level 5.1 Staves
 - Level 1.5 Throwing
 - Level 3.2 Dodging


You had 4 spell levels left.
You didn't know any spells.

Dungeon Overview and Level Annotations

Branches:
Dungeon (4/15)
 Temple: D:4-7

Altars:
Elyvilon
Xom


Innate Abilities, Weirdness & Mutations

You can bottle blood from corpses.
You have razor-sharp teeth.
You have supernaturally acute eyesight.
You can survive without breathing.


Message History

The ogre barely misses you.
You hit the ogre.
The ogre is heavily wounded.
The bat closely misses you. The bat completely misses you.
You sock the ogre!
The ogre is almost dead.
The bat hits you but does no damage. The ogre hits you with a giant club!
* * * LOW HITPOINT WARNING * * *
The bat hits you but does no damage.
You see here an adder corpse.
The bat hits you but does no damage. The bat hits you but does no damage.
The bat barely misses you. The bat hits you but does no damage.
The bat closely misses you. The bat barely misses you.
The bat closely misses you.
You hit the ogre but do no damage.
The ogre is almost dead.
The bat hits you but does no damage. The ogre hits you with a giant club!!
Ouch! That really hurt!
You die...

··· ▒··▒▒ ·····
▒▒··▒ ▒▒▒▒
······
▒··▒▒▒▒▒···
····▒
▒▒··········
▒···
▒·········▒·
▒··▒▒
▒···▒▒▒···▒▒·
▒···▒▒▒▒ ▒▒···▒▒
▒···▒▒·
▒▒··%··▒▒▒▒▒···▒
▒▒···▒[
▒·······b@····▒
▒▒····
▒···▒▒▒·O····▒▒
▒···· ▒···▒▒
▒▒▒▒···▒ ▒▒···
▒··▒ ▒▒··▒ ▒▒···
▒··· ▒·%▒▒ ▒····
··▒ ▒▒··▒ ▒▒····
▒ ▒··▒ ▒▒▒·····
▒··▒▒ ▒▒·······
▒▒··▒▒▒········


You could see an ogre and a bat.

Vanquished Creatures
  An orc priest (D:3)
  Ijyb (D:4)
  3 gnolls (D:3)
  3 adders
  An adder skeleton (D:4)
  An ooze (D:1)
  7 orcs
  2 giant cockroaches (D:1)
  5 hobgoblins
  4 jackals (D:3)
  11 kobolds
  3 quokkas
  3 ball pythons
  6 bats
  3 giant geckos
  5 giant newts
  15 goblins
  9 rats
83 creatures vanquished.

Notes
Turn   | Place    | Note
--------------------------------------------------------------
     0 | D:1      | Ratboiler, the Vampire Gladiator, began the quest for the Orb.
     0 | D:1      | Reached XP level 1. HP: 16/16 MP: 1/1
   297 | D:1      | Reached XP level 2. HP: 22/22 MP: 2/2
  1160 | D:2      | Found a shimmering altar of Xom.
  1166 | D:2      | Found a shimmering altar of Xom.
  1166 | D:2      | Found a shimmering altar of Xom.
  1174 | D:2      | You fall through a shaft!
  1219 | D:3      | Reached XP level 3. HP: 24/27 MP: 3/3
  1489 | D:3      | Reached skill level 4 in Staves
  1489 | D:3      | Reached XP level 4. HP: 11/33 MP: 4/4
  1796 | D:3      | Found a white marble altar of Elyvilon.
  3056 | D:3      | Reached XP level 5. HP: 38/38 MP: 5/5
  3206 | D:4      | Noticed Ijyb
  3216 | D:4      | Killed Ijyb
  3216 | D:4      | Reached skill level 5 in Staves
  3258 | D:4      | Noticed an ogre
  3272 | D:4      | Annihilated by an ogre

Action                   |  1- 3 |  4- 6 || total
-------------------------+-------+-------++-------
Melee: Quarterstaff      |   117 |   123 ||   240
  Use: Potion            |     8 |     4 ||    12
       Scroll            |       |     4 ||     4
 Stab: Sleeping          |     1 |       ||     1
